Zazza, neutral female human Tourist ------- |.....-# |.....| |.....+############## -|---|-############### # ### ### -------------- # #..............| # ### ......<....... ---.------------ #####..............| -..>............##&a# -------------- |..............|#a# |...............# |..............| ---------------- Zazza the Rambler Experience level: 2 Strength: 12 Dexterity: 9 Constitution: 16 Intelligence: 14 Wisdom: 9 Charisma: 16 Health: 0(22) Energy: 6(6) Def: 2 Gold: 1517 Moves: 3310 Dungeon seed: VIHqfPQV5Qe3ZhFc Game ID: Zazza_1597841903 Your Inventory: Coins $ - 1517 gold pieces Weapons a - 24 +2 darts (in quiver) u - a +0 spetum A - a +4 spetum M - a +0 aklys Z - a +0 orcish dagger (weapon in hand) Armor e - an uncursed -1 Hawaiian shirt q - an uncursed +0 pair of elven boots (being worn) y - an uncursed +0 orcish helm (being worn) Comestibles b - an uncursed slime mold c - 2 uncursed tripe rations d - 2 uncursed eggs f - an uncursed pear g - 3 uncursed food rations m - 3 uncursed eggs Scrolls H - an uncursed scroll of stinking cloud J - an uncursed scroll of amnesia T - a blessed scroll of earth U - an uncursed scroll of earth X - a blessed scroll of magic mapping Y - an uncursed scroll of identify Spellbooks D - an uncursed spellbook of jumping Potions j - a blessed potion of speed C - an uncursed potion of blindness F - an uncursed potion of monster detection G - an uncursed potion of hallucination W - an uncursed potion of extra healing Rings s - an uncursed -1 ring of adornment named cursed Q - an uncursed ring of searching Wands n - a wand of light (0:14) L - a wand of create monster (0:10) P - a wand of secret door detection (0:12) V - a wand of undead turning (0:6) Tools k - an expensive camera (0:72) l - an uncursed credit card v - an uncursed tin whistle K - an uncursed tallow candle (0:200) Gems r - an uncursed worthless piece of blue glass z - an uncursed worthless piece of green glass Spells and supernatural/magical abilities: Name Level Category Fail Memory W - pray for help -- divine ? -- Your skills at the end: Fighting Skills Weapon Skills dart [Basic] Spellcasting Skills Final Attributes: You were haltingly aligned. You were invisible. You were stealthy. You are dead. Vanquished creatures: a werejackal a coyote 2 manes 7 giant rats 3 green molds 3 gnomes 3 garter snakes 2 gnome zombies 6 geckos 11 jackals 4 foxes 2 kobolds 2 goblins 4 sewer rats 3 grid bugs 7 lichens 4 newts 65 creatures vanquished. Voluntary challenges: You used a wielded weapon 3 times, starting on turn 3088. You read items or engraved 18 times, starting on turn 125. You never genocided any monsters. You never polymorphed an object. You never changed form. You used no wishes. You never split a pudding. You wrote Elbereth's name 6 times, starting on turn 125. You violated your moral code, losing 2 points of alignment, starting on turn 3038. Dungeon overview: The Dungeons of Doom: levels 1 to 10 Level 1 a fountain a long staircase Level 2 a bookstore Level 3 a bookstore, many fountains a long staircase Level 4 Level 5 a delicatessen, some sinks Level 6 many fountains Level 7 a scroll shop, a fountain stairs to Sokoban Level 10 <- You were here Sokoban: Level 6 stairs to The Dungeons of Doom History has recorded: On T:1 you entered the Dungeons of Doom to retrieve the Amulet of Yendor! On T:611 you reached level 2 of The Dungeons of Doom. On T:1083 you reached level 3 of The Dungeons of Doom. On T:1529 you reached level 4 of The Dungeons of Doom. On T:1985 you reached level 5 of The Dungeons of Doom. On T:2312 you reached level 6 of The Dungeons of Doom. On T:2363 you reached level 7 of The Dungeons of Doom. On T:2567 you reached level 4 of Sokoban. On T:3093 you advanced to experience level 2. On T:3228 you reached level 10 of The Dungeons of Doom. Score breakdown: Gold: 934 (10105 points) Experience: 2 levels ( 5570 points) Exploration: 10 levels ( 20.41%) (12990 points) Discoveries: 7 items ( 2.35%) ( 4597 points) Valuables value: (no points given unless you survive) Artifact value: 0 ( 0 points) Variety of kills: 17 monsters ( 4.46%) ( 6336 points) Turncount: 3310 turns ( -745 points) Survival: died (score multiplied by 80%) Total score: 31082 Latest messages: Never mind. You displace Armand. A trap door opens up under you! Armand bites the lichen. The lichen is killed! You miss the rock piercer. You displace Armand. You hear some noises. This door is locked. Ouch! You bump into a door. You hear some noises in the distance. Please move the cursor to an unknown object. Never mind. The killer bee bumps right into you! You are almost hit by a crossbow bolt. The killer bee stings! You stop. Armand is in the way! The killer bee stings! The marilith swings her crossbow. The marilith hits! The marilith swings her crossbow. The marilith hits! (3x) You die... Final status: Aloha Zazza the Tourist, killed by a marilith... You died in The Dungeons of Doom on dungeon level 10 with 31082 points, and 1517 pieces of gold, after 3310 moves. You were level 2 with a maximum of 22 hit points when you died.